 Dungeon Crawl Stone Soup version 0.22.0 (webtiles) character file.

14459 AymanAU the Slicer (level 12, -3/81 HPs)
             Began as a Kobold Berserker on Oct 26, 2018.
             Was a High Priest of Trog.
             Slain by Rupert
             ... wielding a +1 battleaxe of electrocution
              (8 damage)
             ... on level 11 of the Dungeon.
             The game lasted 01:05:37 (14647 turns).

AymanAU the Slicer (Kobold Berserker)              Turns: 14647, Time: 01:05:37

Health: -3/81      AC: 10    Str: 15    XL:     12   Next: 45%
Magic:  12/12      EV: 23    Int: 10    God:    Trog [*****.]
Gold:   938        SH:  0    Dex: 17    Spells: 11/11 levels left

rFire    . . .     SeeInvis +   a - +2 dagger (drain)
rCold    . . .     Gourm    .   (shield restricted)
rNeg     . . .     Faith    .   T - +3 leather armour
rPois    .         Spirit   .   (no helmet)
rElec    .         Reflect  .   (no cloak)
rCorr    .         Harm     .   I - +1 pair of gloves
MR       ++...                  U - +0 pair of boots
Stlth    +++.......             (no amulet)
HPRegen  1.23/turn              k - ring of see invisible
MPRegen  0.13/turn              (no ring)

@: berserk cooldown, regenerating, hasted and slowed
A: small, carnivore
a: Berserk, Trog's Hand, Brothers in Arms, Renounce Religion


You were on level 11 of the Dungeon.
You worshipped Trog.
Trog was extremely pleased with you.
You were very full.

You visited 1 branch of the dungeon, and saw 12 of its levels.

You collected 938 gold pieces.

Inventory:

Hand Weapons
 a - a +2 dagger of draining (weapon)
 b - a +0 blowgun
 w - a +0 dagger of venom
 Q - a +4 scimitar of flaming
 V - a +2 dagger of holy wrath
 Y - a +2 dagger of venom
Missiles
 o - 294 stones (quivered)
 A - 130 bolts
 H - 61 poisoned needles
Armour
 I - a +1 pair of gloves (worn)
 R - a +0 robe of magic resistance
 T - a +3 leather armour (worn)
 U - a +0 pair of boots (worn)
 W - a +1 robe of cold resistance
Jewellery
 k - a ring of see invisible (left hand)
 G - an uncursed ring of fire
 N - an uncursed ring of ice
 X - an uncursed ring of fire
 Z - an uncursed ring of poison resistance {unknown}
Wands
 y - a wand of flame (39)
 E - a wand of clouds (3)
 F - a wand of scattershot (3)
 K - a wand of random effects (17)
 M - a wand of enslavement (55)
Scrolls
 d - 2 scrolls of immolation {unknown}
 e - 3 scrolls of remove curse
 f - 3 scrolls of magic mapping
 g - 2 scrolls of enchant weapon
 j - a scroll of fear
 n - 3 scrolls of enchant armour
 p - 6 scrolls of identify
 s - 7 scrolls of teleportation
 t - 2 scrolls of amnesia
 v - 3 scrolls of random uselessness
 x - a scroll of fog
 C - 2 scrolls of noise {unknown}
 O - a scroll of blinking {unknown}
Potions
 h - a potion of flight
 i - a potion of lignification
 l - 5 potions of curing
 m - a potion of mutation {unknown}
 q - 2 potions of magic
 r - a potion of invisibility {unknown}
 B - a potion of ambrosia {unknown}
 D - 6 potions of might {unknown}
Miscellaneous
 P - a phial of floods
Comestibles
 c - 17 rations


   Skills:
 - Level 12.0 Fighting
 + Level 13.7 Short Blades
 + Level 4.4 Throwing
 - Level 5.0 Armour
 + Level 11.1 Dodging
 - Level 6.0 Stealth


You had 11 spell levels left.
You didn't know any spells.
Your spell library was empty.

Dungeon Overview and Level Annotations

Branches:
Dungeon (12/15)            Temple (0/1) D:6            Lair (0/6) D:9
    Orc (0/2) D:9

Altars:
Ashenzari
Fedhas
Gozag
Kikubaaqudgha
Nemelex Xobeh
Okawaru
Wu Jian

Shops:
D:4 *(*

Annotations:
D:11 Rupert


Innate Abilities, Weirdness & Mutations

You are small and have problems with some larger weapons.
You are carnivorous and can eat meat at any time.


Message History

Rupert is almost dead.
Rupert hits you with a battleaxe of electrocution.
* * * LOW HITPOINT WARNING * * *
You are electrocuted!
* * * LOW HITPOINT WARNING * * *
You closely miss Rupert.
Rupert is almost dead.
You barely miss Rupert.
Rupert is almost dead.
Rupert misses you.
You feel a strong urge to attack something.
You are no longer berserk.
You are exhausted.
You feel yourself slow down.
You feel yourself speed up. Rupert completely misses you.
Rupert barely misses you.
Rupert hits you with a battleaxe of electrocution!
* * * LOW HITPOINT WARNING * * *
You are electrocuted!
You die...

###.#.#..........# #
#.#.#..#.......# #
#.#.#..........# #
#.#.#..#.......# #
#......#.......# #
###.#.......####
#####.#.####..#######
....................##
................@....#
####.#...####...@....#
####...........##....#
..##.#..#......##....#
........#.###..##....#
#.........# #..##....#
#.......#####..##....#
#.#)<.)>##.#...#######
.....[.......#.#


You could see Rupert (berserk).

Vanquished Creatures
  Fannar (D:9)
  Erica (D:8)
  A two-headed ogre (D:11)
  Nergalle (D:10)
  2 unseen horrors
  Pikel (D:8)
  A deep elf mage (D:6)
  2 cyclopes
  A kobold demonologist (D:11)
  2 trolls
  A hippogriff (D:7)
  A wyvern (D:11)
  A wraith (D:11)
  13 yaks
  A hungry ghost (D:8)
  A water moccasin (D:10)
  A hell hound (D:9)
  4 sky beasts
  A black bear (D:10)
  8 orc warriors
  An ice beast (D:5)
  A phantom (D:4)
  2 necrophages
  8 ogres
  5 centaurs
  2 big kobolds
  5 bullfrogs
  5 scorpions
  7 killer bees (D:11)
  5 wights
  A howler monkey (D:11)
  A bullfrog zombie (D:12)
  A quasit (D:5)
  3 crimson imps
  2 centaur zombies
  5 hounds
  5 jellies
  4 orc priests
  5 bullfrog skeletons
  2 iguanas (D:6)
  12 orc wizards
  Terence (D:2)
  7 worker ants
  A hound zombie (D:10)
  A hound skeleton (D:8)
  A howler monkey zombie (D:8)
  9 adders
  3 shadow imps
  An ooze (D:5)
  An adder skeleton (D:6)
  An adder zombie (D:8)
  A worm (D:2)
  A dart slug (D:1)
  4 leopard geckos
  31 orcs
  5 giant cockroaches
  12 goblins
  11 hobgoblins
  9 jackals
  4 quokkas
  8 bats
  8 frilled lizards
  A jackal zombie (D:8)
  17 kobolds
  8 rats
273 creatures vanquished.

Vanquished Creatures (collateral kills)
  A hell hound (D:9)
1 creature vanquished.

Vanquished Creatures (others)
  3 slaves (D:8)
  An orc warrior (D:10)
  A big kobold (D:8)
  A worker ant (D:8)
  A giant cockroach (D:8)
  2 kobolds (D:8)
9 creatures vanquished.

Grand Total: 283 creatures vanquished

Notes
Turn   | Place    | Note
-------+----------+-------------------------------------------
     0 | D:1      | AymanAU the Kobold Berserker began the quest for the Orb.
     0 | D:1      | Reached XP level 1. HP: 14/14 MP: 1/1
    19 | D:1      | Reached skill level 1 in Stealth
    48 | D:1      | Reached XP level 2. HP: 16/19 MP: 2/2
   747 | D:1      | Reached XP level 3. HP: 23/23 MP: 3/3
   748 | D:1      | Reached ** piety under Trog
  1401 | D:2      | Noticed Terence
  1408 | D:2      | Killed Terence
  1408 | D:2      | Reached skill level 5 in Stealth
  1408 | D:2      | Reached XP level 4. HP: 28/28 MP: 4/4
  1809 | D:3      | Reached XP level 5. HP: 32/32 MP: 5/5
  2186 | D:3      | Found an ancient bone altar of Kikubaaqudgha.
  2323 | D:3      | Reached *** piety under Trog
  2370 | D:3      | Reached skill level 5 in Short Blades
  2522 | D:4      | Noticed an ogre
  2536 | D:4      | Killed an ogre
  2536 | D:4      | Reached skill level 6 in Short Blades
  2536 | D:4      | Reached XP level 6. HP: 15/37 MP: 6/6
  2774 | D:4      | Reached skill level 7 in Short Blades
  2780 | D:4      | Noticed an ogre
  2789 | D:4      | Killed an ogre
  2789 | D:4      | Reached skill level 8 in Short Blades
  2789 | D:4      | Reached XP level 7. HP: 41/41 MP: 7/7
  2857 | D:4      | Found Hinaesh's Assorted Antiques.
  2873 | D:4      | Found Xiweeqin's Antique Weapon Shoppe.
  2895 | D:4      | Found Eppuolaq's Assorted Antiques.
  3262 | D:4      | Reached skill level 5 in Dodging
  3468 | D:4      | Found an opulent altar of Gozag.
  3637 | D:5      | Entered Level 5 of the Dungeon
  3715 | D:5      | Reached XP level 8. HP: 46/46 MP: 8/8
  4094 | D:5      | Reached skill level 5 in Fighting
  4936 | D:6      | Found an ornate altar of the Wu Jian Council.
  4957 | D:6      | Reached XP level 9. HP: 55/59 MP: 9/9
  5181 | D:6      | Noticed a deep elf mage
  5184 | D:6      | Killed a deep elf mage
  5327 | D:6      | Found a staircase to the Ecumenical Temple.
  5731 | D:7      | Found a flagged portal.
  5798 | D:7      | Noticed a hippogriff
  5814 | D:7      | Killed a hippogriff
  7015 | D:8      | Reached **** piety under Trog
  7397 | D:8      | Reached XP level 10. HP: 68/68 MP: 10/10
  7557 | D:8      | Noticed Pikel
  7571 | D:8      | Killed Pikel
  7571 | D:8      | Reached skill level 10 in Fighting
  7571 | D:8      | Reached skill level 9 in Short Blades
  7581 | D:8      | Reached skill level 10 in Short Blades
  8069 | D:8      | Reached skill level 11 in Short Blades
  8428 | D:9      | Found a shattered altar of Ashenzari.
  8431 | D:9      | Found a blossoming altar of Fedhas.
  8431 | D:9      | Found a sparkling altar of Nemelex Xobeh.
  8455 | D:9      | Found an iron altar of Okawaru.
  8845 | D:9      | Found a staircase to the Lair.
  9209 | D:8      | Noticed Erica
  9225 | D:8      | Killed Erica
  9225 | D:8      | Reached skill level 12 in Short Blades
  9954 | D:9      | Reached XP level 11. HP: 74/74 MP: 11/11
 10199 | D:9      | Found a staircase to the Orcish Mines.
 10796 | D:10     | Entered Level 10 of the Dungeon
 10867 | D:10     | Noticed Nergalle
 10895 | D:10     | Killed Nergalle
 10895 | D:10     | Reached skill level 5 in Armour
 11300 | D:10     | Noticed a cyclops
 11310 | D:10     | Reached skill level 1 in Throwing
 11455 | D:10     | Killed a cyclops
 11898 | D:10     | Noticed Fannar
 12215 | D:9      | Killed Fannar
 12806 | D:11     | Noticed a two-headed ogre
 12808 | D:11     | Noticed an unseen horror
 12829 | D:11     | Killed a two-headed ogre
 12829 | D:11     | Reached skill level 13 in Short Blades
 12879 | D:11     | Killed an unseen horror
 13032 | D:11     | Reached XP level 12. HP: 81/81 MP: 12/12
 13879 | D:12     | Reached skill level 10 in Dodging
 14027 | D:12     | Reached ***** piety under Trog
 14088 | D:12     | Noticed an unseen horror
 14229 | D:12     | Killed an unseen horror
 14527 | D:12     | Noticed Rupert
 14556 | D:11     | Paralysed by Rupert for 3 turns
 14647 | D:11     | Slain by Rupert

Skill      XL: |  1  2  3  4  5  6  7  8  9 10 11 12 |
---------------+-------------------------------------+-----
Stealth        | 2 3 5 6 |  6.0
Short Blades   | 6 8 12 13 | 13.7
Dodging        | 6 9 11 | 11.1
Fighting       | 7 9 11 12 | 12.0
Armour         | 4 5 |  5.0
Throwing       | 3 4 |  4.4

Action                   |  1- 3 |  4- 6 |  7- 9 | 10-12 || total
-------------------------+-------+-------+-------+-------++-------
Melee: Short sword       |    85 |       |       |       ||    85
       Dagger            |     5 |   103 |   214 |   660 ||   982
       Rapier            |       |       |   120 |   136 ||   256
Throw: Stone             |       |     7 |    14 |    91 ||   112
Invok: Berserk           |     7 |     4 |    17 |    42 ||    70
       Trog's Hand       |       |       |     1 |     5 ||     6
       Brothers in Arms  |       |       |       |     1 ||     1
  Use: Potion            |       |     2 |     2 |     9 ||    13
       Scroll            |       |       |       |    10 ||    10
 Stab: Sleeping          |     6 |    10 |    14 |     8 ||    38
  Eat: Chunk             |    16 |     7 |    27 |    66 ||   116
       Ration            |       |       |       |     3 ||     3
Armor: Animal skin       |    12 |    11 |       |       ||    23
       Skin              |       |     3 |       |       ||     3
       Robe              |       |       |    13 |    13 ||    26
       Troll leather arm |       |       |       |    27 ||    27
       Leather armour    |       |       |       |    36 ||    36
Dodge: Dodged            |    64 |    66 |   218 |   519 ||   867
